 Dungeon Crawl Stone Soup version 0.28.0-49-g6dfe1f597d (webtiles) character file.

Game seed: 394286674704350764

1131 101zpm the Magician (level 8, -1/50 HPs)
             Began as a Djinni Fire Elementalist on May 11, 2022.
             Was an Initiate of Hepliaklqana.
             Slain by Edmund
             ... wielding a +1 flail of holy wrath
              (5 damage)
             ... on level 6 of the Dungeon.
             The game lasted 00:09:15 (6279 turns).

101zpm the Magician (Djinni Fire Elementalist)      Turns: 6279, Time: 00:09:16

Health: -1/50      AC:  3    Str:  9    XL:     8   Next: 62%
Gold:   192        EV: 13    Int: 19    God:    Hepliaklqana [......] SH:  0 Dex: 17

rFire   + + .      SeeInvis .   (no weapon)
rCold   x . .      Faith    .   (no shield)
rNeg    + . .      Spirit   .   a - +0 robe
rPois   ∞          Reflect  .   (no helmet)
rElec   +          Harm     .   m - +0 cloak of Grace {rElec rN+ Str+2 Dex+3}
rCorr   .          Rampage  .   (no gloves)
Will    .....                   (boots unavailable)
Stlth   ++........              (no amulet)
HPRegen 0.16/turn               (no ring)
MPRegen 0.00/turn               (no ring)

@: flying
A: sickness immunity, fire resistance 2, cold vulnerability 1, float, innate
caster, HP casting, extra vitality 1
a: Renounce Religion


You were on level 6 of the Dungeon.
You worshipped Hepliaklqana.
Hepliaklqana was noncommittal.
You visited 2 branches of the dungeon, and saw 7 of its levels.

You collected 192 gold pieces.

Inventory:

Armour
 a - a +0 robe (worn)
 m - the +0 cloak of Grace (worn) {rElec rN+ Str+2 Dex+3}
   (You found it on level 4 of the Dungeon)

   Str:       It affects your strength (+2).
   Dex:       It affects your dexterity (+3).
   rElec:     It insulates you from electricity.
   rN:        It protects you from negative energy.
Scrolls
 d - 4 scrolls of enchant armour {unknown}
 h - 3 scrolls of identify {unknown}
 j - a scroll of fog {unknown}
 k - a scroll of brand weapon {unknown}
 l - a scroll of immolation {unknown}
Potions
 b - a potion of flight {unknown}
 c - a potion of might {unknown}
 e - 6 potions of curing {unknown}
 f - a potion of heal wounds {unknown}
 g - a potion of cancellation {unknown}
 i - 2 potions of haste {unknown}
 n - 2 potions of lignification {unknown}


   Skills:
 + Level 2.6 Dodging
 + Level 2.8 Stealth
 + Level 7.5 Spellcasting


You had 3 spell levels left.
You knew the following spells:

 Your Spells              Type           Power      Damage    Failure   Level
a - Foxfire               Conj/Fire      100%       2x1d9     1%          1
b - Scorch                Fire           70%        2d9       1%          2
c - Conjure Flame         Conj/Fire      35%        6-21      1%          3
d - Inner Flame           Hex/Fire       35%        N/A       1%          3
e - Flame Wave            Conj/Fire      35%        2d8       4%          4
f - Slow                  Hex            100%       N/A       1%          1
g - Ensorcelled Hibernat  Hex/Ice        70%        N/A       1%          2
h - Tukima's Dance        Hex            35%        N/A       1%          3
Your spell library was empty.

Dungeon Overview and Level Annotations

Branches:
Dungeon (6/15)             Temple (1/1) D:5

Altars:
Ashenzari
Cheibriados
Dithmenos
Elyvilon
Fedhas
Gozag
Hepliaklqana
Kikubaaqudgha
Makhleb
Nemelex Xobeh
Okawaru
Qazlal
Ru
Sif Muna
Trog
Uskayaw
Vehumet
Wu Jian
Yredelemnul
Zin
The Shining One

Shops:
D:1 ::

Annotations:
D:4 exclusion: downstairs
D:6 Edmund


Innate Abilities, Weirdness & Mutations

You are immune to sickness and miasma.
You are immune to poison.
Your flesh is very heat resistant. (rF++)
You are vulnerable to cold. (rC-)
You float through the air rather than walking.
You learn spells naturally, not from books.
Your magical power is your life essence.
You have superior vitality. (+4 MHP)


Message History

You are too injured to fight recklessly!
Casting: Scorch (safe; 1% risk of failure)
Confirm with . or Enter, or press ? or * to list all spells.
Aiming: Inner Flame (safe; 1% risk of failure)
Press: ? - help, Dir - move target, f - Edmund
Aim: Edmund, wielding a +1 flail of holy wrath and wearing a +0 ring mail (flame, chance to affect: 87%) Edmund is filled with an inner flame.
Edmund is engulfed in blazing flames.
Flame seeps out of Edmund.
Casting: Inner Flame (safe; 1% risk of failure)
Confirm with . or Enter, or press ? or * to list all spells.
Aiming: Slow (safe; 1% risk of failure)
Press: ? - help, Shift-Dir - straight line, f/p - Edmund
Aim: Edmund, wielding a +1 flail of holy wrath and wearing a +0 ring mail (flame, moderately wounded, inner flame, chance to affect: 64%) Edmund struggles to resist.
Edmund is engulfed in blazing flames.
Flame seeps out of Edmund.
Casting: Slow (safe; 1% risk of failure)
Confirm with . or Enter, or press ? or * to list all spells.
Aiming: Slow (safe; 1% risk of failure)
Press: ? - help, Shift-Dir - straight line, f/p - Edmund
Aim: Edmund, wielding a +1 flail of holy wrath and wearing a +0 ring mail (heavily wounded, inner flame, chance to affect: 64%) Edmund struggles to resist.
Edmund hits you with a +1 flail of holy wrath.
* * * LOW HITPOINT WARNING * * *
Casting: Foxfire (safe; 1% risk of failure)
Press: ? - help, Q - select action, (/) - cycle Dir - look around, f - activate You conjure some foxfire!
Edmund hits you with a +1 flail of holy wrath!
* * * LOW HITPOINT WARNING * * *
The foxfire hits Edmund.
Flame seeps out of Edmund.
Edmund is heavily wounded.
The foxfire hits Edmund but does no damage.
Edmund is heavily wounded.
Edmund is engulfed in blazing flames.
Flame seeps out of Edmund.
Casting: Foxfire (safe; 1% risk of failure)
Press: ? - help, Q - select action, (/) - cycle Dir - look around, f - activate You conjure some foxfire!
* * * LOW HITPOINT WARNING * * *
Edmund says, "I'm quite good with sums, too."
Edmund hits you with a +1 flail of holy wrath.
You die...

...... #####.....#
#....####### #........##
#ooo.).....# #........#
#[)...# #........# #.....#
#........# #.....# #........#
#..#######........######
####..###.○v...#######....#
#.........#@@<.# #....#
#.........#v...# #....#
#.........#....# #.^..#
###...##..#....#######....#
###########..#....#...#..##+##
.............#....#.........#
.............#....'.........#
.............#....#.........#
.............#....#.........#


You could see Edmund (inner flame, ally target).

Vanquished Creatures
  A dancing weapon (D:5)
  2 water moccasins
  An orc warrior (D:6)
  A sky beast (D:6)
  An ice beast (D:5)
  An ogre (D:5)
  A scorpion (D:5)
  2 water moccasin skeletons
  2 howler monkeys (D:5)
  2 centaur skeletons (D:4)
  A hound (D:6)
  3 iguanas
  3 orc wizards
  A hound skeleton (D:4)
  3 adders
  An ufetubus (D:5)
  A dart slug (D:1)
  15 orcs
  2 endoplasms
  4 giant cockroaches
  5 goblins
  3 hobgoblins
  3 ball pythons
  2 bats
  2 frilled lizards (D:1)
  4 kobolds
  3 rats
70 creatures vanquished.

Vanquished Creatures (others)
  A dancing weapon (D:6)
  358 foxfires
359 creatures vanquished.

Grand Total: 429 creatures vanquished

Notes
Turn   | Place    | Note
-------+----------+-------------------------------------------
     0 | D:1      | 101zpm the Djinni Fire Elementalist began the quest for the
                  | Orb.
     0 | D:1      | Reached XP level 1. HP: 15/15 MP: 0/0
   427 | D:1      | Reached XP level 2. HP: 18/21 MP: 0/0
  1097 | D:1      | Found a faded altar of an unknown god.
  1236 | D:1      | Found Ysohila's Book Shop.
  1390 | D:1      | Found Vess's Book Shop.
  1710 | D:3      | Reached skill level 3 in Spellcasting
  1935 | D:3      | Reached XP level 3. HP: 19/25 MP: 0/0
  1935 | D:3      | Learned a level 1 spell: Slow
  2289 | D:3      | Found a sparkling altar of Nemelex Xobeh.
  2347 | D:3      | Found a burning altar of Makhleb.
  2484 | D:3      | Reached XP level 4. HP: 23/31 MP: 0/0
  2803 | D:4      | Reached skill level 4 in Spellcasting
  2803 | D:4      | Reached XP level 5. HP: 30/35 MP: 0/0
  2803 | D:4      | Learned a level 2 spell: Ensorcelled Hibernation
  3476 | D:4      | Reached XP level 6. HP: 33/40 MP: 0/0
  3766 | D:5      | Entered Level 5 of the Dungeon
  3766 | D:5      | Noticed an ice beast
  4079 | D:4      | Identified the +0 cloak of Grace {rElec rN+ Str+2 Dex+3}
  4093 | D:4      | Found an ornate altar of the Wu Jian Council.
  4302 | D:5      | Reached skill level 5 in Spellcasting
  4547 | D:5      | Killed an ice beast
  4548 | D:5      | Reached XP level 7. HP: 31/45 MP: 0/0
  4548 | D:5      | Learned a level 3 spell: Tukima's Dance
  5021 | D:5      | Noticed a water moccasin
  5025 | D:5      | Killed a water moccasin
  5026 | D:5      | Reached skill level 6 in Spellcasting
  5134 | D:5      | Found a staircase to the Ecumenical Temple.
  5139 | D:5      | Reached XP level 8. HP: 31/50 MP: 0/0
  5487 | Temple   | Entered the Ecumenical Temple
  5801 | Temple   | Became a worshipper of Hepliaklqana the Forgotten
  6081 | D:6      | Reached skill level 7 in Spellcasting
  6265 | D:6      | Noticed Edmund
  6279 | D:6      | Slain by Edmund

Illustrated notes

Levels and vault maps discovered:
D:1:      minmay_arrival_plants_in_alcoves, layout_loops_ring,
          hellmonk_ecumenical_altar_heavens_door, serial_shops, shop, shop,
          nicolae_shop_behind_doors, chequers_serial_rivers_large_a,
          minmay_hedge_maze, minmay_pentomino_u2
D:2:      layout_rooms, hangedman_decor_clover_reticule, grunt_ministairs_14
D:3:      layout_basic, grunt_temple_overflow_open
D:4:      layout_basic, nzn_wu_jian_council_hall, chequers_arboretum
D:5:      layout_rooms, temple_green
D:6:      layout_gridville, corexii_shack, uniq_edmund, uniq_sigmund,
          uniq_eustachio
Temple:   dpeg_five_rooms_temple

Skill      XL: |  1  2  3  4  5  6  7  8 |
---------------+-------------------------+-----
Spellcasting   | 3 4 5 6 7 |  7.5
Stealth        | 2 |  2.8
Dodging        | |  2.6

Action                   |  1- 3 |  4- 6 |  7- 9 || total
-------------------------+-------+-------+-------++-------
 Cast: Foxfire           |    97 |    93 |    40 ||   230
       Scorch            |     4 |    12 |    17 ||    33
       Inner Flame       |       |     6 |    17 ||    23
       Tukima's Dance    |       |       |     8 ||     8
       Slow              |       |       |     2 ||     2
Armor: Robe              |       |     1 |       ||     1
Dodge: Dodged            |     3 |     5 |     4 ||    12
